 Dungeon Crawl Stone Soup version 0.25-a0-42-g6c54e25894 (webtiles) character file.

Game seed: 17122770931679453599, levelgen mode: deterministic

174 Mort the Poker (level 5, -3/39 HPs)
             Began as a Merfolk Wanderer on Oct 23, 2019.
             Slain by a gnoll
             ... wielding a +0 halberd
              (5 damage)
             ... on level 3 of the Dungeon.
             The game lasted 00:06:55 (3897 turns).

Mort the Poker (Merfolk Wanderer)                   Turns: 3897, Time: 00:06:56

Health: -3/39      AC:  9    Str: 18    XL:     5   Next: 54%
Magic:  5/5        EV:  7    Int: 10    God:
Gold:   78         SH:  4    Dex: 10    Spells: 4/4 levels left

rFire    . . .     SeeInvis .   q - +1 short sword (venom)
rCold    . . .     Gourm    .   c - +0 buckler
rNeg     . . .     Faith    .   p - +0 chain mail
rPois    .         Spirit   .   (no helmet)
rElec    .         Reflect  .   (no cloak)
rCorr    .         Harm     .   s - +0 pair of gloves
MR       .....                  (no boots)
Stlth    ..........             (no amulet)
HPRegen  0.13/turn              (no ring)
MPRegen  0.09/turn              (no ring)

@: no status effects
A: change form in water, swift swim, stealthy swim
a: no special abilities


You were on level 3 of the Dungeon.
You were not hungry.

You visited 1 branch of the dungeon, and saw 3 of its levels.

You collected 78 gold pieces.

Inventory:

Hand Weapons
 a - a +2 falchion
 b - a +0 spear
 q - a +1 short sword of venom (weapon)
Missiles
 j - 60 arrows
Armour
 c - a +0 buckler (worn)
 d - a +0 robe
 p - a +0 chain mail (worn)
 s - a +0 pair of gloves (worn)
Scrolls
 e - 3 scrolls of identify {unknown}
 i - 2 scrolls of teleportation {unknown}
 n - a scroll of enchant armour {unknown}
Potions
 g - a potion of agility {unknown}
 h - 2 potions of resistance {unknown}
 k - a potion of haste
 l - 3 potions of lignification {unknown}
 m - a potion of might {unknown}
 r - a potion of ambrosia {unknown}
Comestibles
 f - 5 rations
 o - 2 chunks of flesh


   Skills:
 + Level 2.5 Fighting
 - Level 4.3 Long Blades
 + Level 5.1 Polearms
 - Level 1.3 Armour
 - Level 4.0 Shields


You had 4 spell levels left.
You didn't know any spells.
Your spell library was empty.

Dungeon Overview and Level Annotations

Branches:
Dungeon (3/15)

Altars:


Message History

The gnoll hits you from afar with a +0 halberd!
The gnoll hits you.
You kill the gnoll!
The gnoll hits you from afar with a +0 halberd!
You block the gnoll's attack.
Some of the chunks of flesh in your inventory have rotted away.
You barely miss the gnoll. The gnoll hits you with a +0 halberd!
* * * LOW HITPOINT WARNING * * *
The gnoll hits you with a +0 halberd!
* * * LOW HITPOINT WARNING * * *
You hit the gnoll.
The gnoll is poisoned.
The gnoll is moderately wounded.
The gnoll closely misses you.
Unknown command.
The gnoll hits you but does no damage. You block the gnoll's attack.
A kobold comes into view. It is wielding a +0 whip.
The kobold shouts!
The gnoll hits you from afar with a +0 halberd.
You die...

.#
#................########....#
.###..............#.## #....#
.(................#..## ###.##
#.###..........K..##..########.#
#.#
##.....................#...##
#.# ##.#######....####....(.....
... ...................#.#.####
..# ########....####..#.#.# ...
####.@.รท.....##.#.# .g.
##..g...########)#.# .g#
#..###### #...# #.# ####.##
#..## #.# #....# #..#
#.######?#### #### #........#
..######## ...


You could see a gnoll and a kobold.

Vanquished Creatures
  2 orc priests
  A gnoll (D:3)
  5 adders
  A worm (D:2)
  2 dart slugs
  A leopard gecko (D:1)
  8 orcs
  A ball python (D:3)
  6 bats
  A giant cockroach (D:2)
  A goblin (D:1)
  6 hobgoblins
  A quokka (D:2)
  A frilled lizard (D:1)
  7 kobolds
  8 rats
52 creatures vanquished.

Notes
Turn   | Place    | Note
-------+----------+-------------------------------------------
     0 | D:1      | Mort the Merfolk Wanderer began the quest for the Orb.
     0 | D:1      | Mort set off with the following items: a +2 falchion, a +0
                  | spear, a +0 buckler, a +0 robe, a ration
     0 | D:1      | Reached XP level 1. HP: 16/16 MP: 1/1
    74 | D:1      | Reached skill level 1 in Polearms
   126 | D:1      | Reached XP level 2. HP: 18/22 MP: 2/2
   468 | D:1      | Reached skill level 2 in Polearms
  1019 | D:2      | Reached XP level 3. HP: 27/27 MP: 3/3
  1272 | D:2      | Reached skill level 3 in Polearms
  2373 | D:3      | Reached XP level 4. HP: 18/33 MP: 4/4
  3119 | D:2      | Reached skill level 4 in Polearms
  3256 | D:3      | Reached XP level 5. HP: 15/38 MP: 5/5
  3822 | D:3      | Reached skill level 5 in Polearms
  3891 | D:3      | HP: 1/39 [gnoll/+0 halberd (7)]
  3897 | D:3      | Slain by a gnoll

Levels and vault maps discovered:
D:1:      matt_arrival_los_fun, layout_loops_ring
D:2:      layout_basic, nicolae_underground_beach
D:3:      layout_rooms

Skill      XL: |  1  2  3  4  5 |
---------------+----------------+-----
Polearms       | 1 2 3 4 5 |  5.1
Shields        | 3 4 |  4.0
Fighting       | |  2.5
Long Blades    | |  4.3
Armour         | |  1.3

Action                   |  1- 3 |  4- 6 || total
-------------------------+-------+-------++-------
Melee: Falchion          |    90 |    37 ||   127
       Short sword       |       |    51 ||    51
 Stab: Sleeping          |     2 |       ||     2
  Eat: Chunk             |     4 |     5 ||     9
Armor: Robe              |    13 |     2 ||    15
       Chain mail        |       |    25 ||    25
Dodge: Dodged            |    53 |    23 ||    76
Block: Buckler           |    24 |    15 ||    39
       Rpst.: Falchion   |    17 |     2 ||    19

Table legend:
 A = Non-vault XP
 B = Vault XP
 C = Vault XP percentage of total XP
 D = Non-vault monster count
 E = Vault monster count
 F = Vault count percentage of total count
                 A         B        C        D         E       F
            +---------+---------+-------+---------+---------+-------
      Total |     249 |       0 |   0.0 |      52 |       0 |   0.0
            +---------+---------+-------+---------+---------+-------
        D:1 |      29 |       0 |   0.0 |      17 |       0 |   0.0
        D:2 |      81 |       0 |   0.0 |      15 |       0 |   0.0
        D:3 |     139 |       0 |   0.0 |      20 |       0 |   0.0
            +---------+---------+-------+---------+---------+-------
